 Dungeon Crawl Stone Soup version 0.31-a0-986-g5e6e4ef867 (webtiles) character file.

Game seed: 91728440231963218

233 pokeman the Magician (level 5, -3/29 HPs)
             Began as a Deep Elf Hedge Wizard on Nov 19, 2023.
             Killed from afar by a crimson imp (9 damage)
             ... with a puff of flame
             ... on level 3 of the Dungeon.
             The game lasted 00:04:33 (2783 turns).

pokeman the Magician (Deep Elf Hedge Wizard)        Turns: 2783, Time: 00:04:34

Health: -3/29      AC:  4    Str:  7    XL:     5   Next: 75%
Magic:  1/16       EV: 12    Int: 21    God:
Gold:   127        SH:  0    Dex: 20    Spells: 9/17 levels left

rFire   . . .        h - +2 dagger (drain)
rCold   . . .        (no shield)
rNeg    . . .        a - +0 leather armour {rPois}
rPois   +            c - +0 hat
rElec   .            n - +0 cloak
rCorr   .            (no gloves)
SInv    .            (no boots)
Will    .....        (no amulet)
Stlth   ++           o - +6 ring of dexterity
HPRegen 0.24/turn    (no ring)
MPRegen 0.15/turn

%: no passive effects
@: no status effects
A: no striking features
a: no special abilities


You were on level 3 of the Dungeon.
You visited 1 branch of the dungeon, and saw 3 of its levels.

You collected 127 gold pieces.

Inventory:

Hand Weapons
 h - a +2 dagger of draining (weapon)
Armour
 a - a +0 leather armour of poison resistance (worn)
 c - a +0 hat (worn)
 i - a +0 buckler
 n - a +0 cloak (worn)
 t - a scarf of resistance
Jewellery
 o - a +6 ring of dexterity (left hand)
Wands
 u - a wand of polymorph (10)
 v - a wand of flame (15)
Scrolls
 j - 4 scrolls of identify {unknown}
 k - 5 scrolls of noise {unknown}
 m - a scroll of revelation {unknown}
 q - a scroll of immolation
 r - a scroll of enchant armour {unknown}
 w - a scroll of fear {unknown}
Potions
 b - a potion of enlightenment {unknown}
 d - a potion of magic
 e - a potion of mutation {unknown}
 f - a potion of degeneration {unknown}
 g - a potion of curing {unknown}
 l - 3 potions of lignification {unknown}
 p - 2 potions of heal wounds {unknown}
 s - a potion of resistance {unknown}
 x - a potion of berserk rage {unknown}


   Skills:
 - Level 1.0 Fighting
 - Level 1.0 Armour
 - Level 3.0 Dodging
 + Level 2.9 Stealth
 - Level 1.0 Shields
 * Level 6.5 Spellcasting
 + Level 2.8 Conjurations
 - Level 1.1 Summonings
 - Level 1.1 Translocations
 + Level 0.5 Air Magic
 + Level 0.5 Poison Magic


You had 9 spell levels left.
You knew the following spells:

 Your Spells              Type           Power      Damage    Failure   Level
a - Magic Dart            Conj           72%        1d6       4%          1
b - Mephitic Cloud        Conj/Pois/Air  12%        N/A       24%         3
c - Call Imp              Summ           22%        N/A       13%         2
d - Blink                 Tloc           22%        N/A       13%         2

Your spell library contained the following spells:

 Spells                   Type           Power      Damage    Failure   Level
 Slow                     Hex            24%        N/A       14%         1
 Cigotuvi's Dreadful Rot  Necr/Pois/Air  16%        N/A       17%         2
 Dazzling Flash           Conj/Hex       24%        N/A       22%         3
 Volatile Blastmotes      Fire/Tloc      18%        2d11      32%         3
 Starburst                Conj/Fire      6%         6d4       100%        6
 Maxwell's Capacitive Co  Air            4%         ∞         100%        8


Dungeon Overview and Level Annotations

Branches:
Dungeon (3/15)

Altars:
Makhleb

Annotations:
D:3 1 runed translucent door, Crazy Yiuf


Message History

Confirm with . or Enter, or press ? or * to list all spells.
Aiming: Magic Dart (safe; 4% risk of failure)
Press: ? - help, Shift-Dir - straight line, f/p - crimson imp
Aim: a crimson imp, carrying a wand of flame (severely wounded, 100% to hit)
The magic dart hits the crimson imp.
The crimson imp is severely wounded.
The crimson imp closely misses you.
Casting: Magic Dart (safe; 4% risk of failure)
Confirm with . or Enter, or press ? or * to list all spells.
Aiming: Magic Dart (safe; 4% risk of failure)
Press: ? - help, Shift-Dir - straight line, f/p - crimson imp
Aim: a crimson imp, carrying a wand of flame (severely wounded, 100% to hit)
The magic dart hits the crimson imp.
The crimson imp is almost dead.
The crimson imp blinks!
Casting: Magic Dart (safe; 4% risk of failure)
Confirm with . or Enter, or press ? or * to list all spells.
Aiming: Magic Dart (safe; 4% risk of failure)
Press: ? - help, Shift-Dir - straight line, f/p - crimson imp
Aim: a crimson imp, carrying a wand of flame (severely wounded, 100% to hit)
The magic dart hits the crimson imp.
The crimson imp is almost dead.
Casting: Magic Dart (safe; 4% risk of failure)
Confirm with . or Enter, or press ? or * to list all spells.
Aiming: Magic Dart (safe; 4% risk of failure)
Press: ? - help, Shift-Dir - straight line, f/p - crimson imp
Aim: a crimson imp, carrying a wand of flame (severely wounded, 100% to hit)
The magic dart hits the crimson imp but does no damage.
The crimson imp is severely wounded.
The crimson imp zaps a wand.
The puff of flame hits you.
* * * LOW HITPOINT WARNING * * *
Casting: Magic Dart (safe; 4% risk of failure)
Confirm with . or Enter, or press ? or * to list all spells.
Aiming: Magic Dart (safe; 4% risk of failure)
Press: ? - help, Shift-Dir - straight line, f/p - crimson imp
Aim: a crimson imp, carrying a wand of flame (severely wounded, 100% to hit)
The magic dart hits the crimson imp but does no damage.
The crimson imp is severely wounded.
The crimson imp zaps a wand.
The puff of flame hits you!
You die...

#.......###.#
##############.# #.#
#..............# #.#
##.####........###.#
#.# #............# #.#
#........##### ## #.#
####.......# #.
#.#############.#####.
##.##.@.####...........
#...#'#.>....).#.......
#####.##..........)....
5. ###...#.#....÷.. (..
#.###.#..#.### ##_.
###.....#<.#.#<. ###
#...######.#.#..
#.#.#......#.###
#.#.#......#.#..


You could see a crimson imp.

Vanquished Creatures
  Jessica (D:2)
  Terence (D:3)
  Natasha (thrice) (D:3)
  2 adders
  4 worms (D:2)
  4 dart slugs
  An orc (D:3)
  8 ball pythons
  3 bats
  4 endoplasms
  3 giant cockroaches (D:1)
  5 goblins
  7 hobgoblins
  5 jackals (D:1)
  5 kobolds
  4 quokkas
  3 frilled lizards
  8 rats
71 creatures vanquished.

Notes
Turn   | Place    | Note
-------+----------+-------------------------------------------
     0 | D:1      | pokeman the Deep Elf Hedge Wizard began the quest for the
                  | Orb.
     0 | D:1      | Reached XP level 1. HP: 10/10 MP: 7/7
   261 | D:1      | Reached XP level 2. HP: 10/16 MP: 4/9
   615 | D:1      | Reached skill level 5 in Spellcasting
   799 | D:1      | Reached XP level 3. HP: 20/20 MP: 6/11
   803 | D:1      | Learned a level 3 spell: Mephitic Cloud
   806 | D:1      | Learned a level 2 spell: Call Imp
   809 | D:1      | Learned a level 2 spell: Blink
  1143 | D:1      | Reached skill level 1 in Armour
  1246 | D:2      | Reached skill level 1 in Fighting
  1580 | D:2      | Noticed Jessica
  1586 | D:2      | Killed Jessica
  1587 | D:2      | Reached XP level 4. HP: 25/25 MP: 5/13
  1685 | D:2      | Found a faded altar of an unknown god.
  2054 | D:3      | Noticed Natasha
  2056 | D:3      | Killed Natasha
  2083 | D:3      | Reached skill level 6 in Spellcasting
  2083 | D:3      | Reached XP level 5. HP: 29/29 MP: 10/15
  2269 | D:3      | Noticed Natasha
  2283 | D:3      | Killed Natasha
  2284 | D:3      | Reached skill level 1 in Shields
  2325 | D:3      | Noticed Natasha
  2332 | D:3      | Killed Natasha
  2554 | D:3      | Found a runed translucent door.
  2555 | D:3      | Noticed Crazy Yiuf
  2647 | D:3      | Noticed Terence
  2657 | D:3      | Killed Terence
  2765 | D:3      | Found a burning altar of Makhleb.
  2783 | D:3      | Killed from afar by a crimson imp

Illustrated notes

Levels and vault maps discovered:
D:1:      shiori_arrival_maze, layout_rooms, hangedman_decor_push
D:2:      layout_rooms, hellmonk_ecumenical_altar_blasted, uniq_jessica
D:3:      layout_basic, grunt_temple_overflow_lords_of_destruction,
          wad_floor_pattern_1, kennysheep_generic_room_10, uniq_natasha,
          uniq_crazy_yiuf_cottage, uniq_terence

Skill      XL: |  1  2  3  4  5 |
---------------+----------------+-----
Spellcasting   | 5 6 |  6.5
Armour         | 1 |  1.0
Fighting       | 1 |  1.0
Conjurations   | 2 |  2.8
Dodging        | 3 |  3.0
Shields        | 1 |  1.0
Stealth        | |  2.9
Summonings     | |  1.1
Translocations | |  1.1
Air Magic      | |  0.5
Poison Magic   | |  0.5

Action                     |  1- 3 |  4- 6 || total
---------------------------+-------+-------++-------
  Melee: Dagger            |    17 |     8 ||    25
         Unarmed           |       |     5 ||     5
   Cast: Magic Dart        |   115 |    59 ||   174
         Mephitic Cloud    |     2 |     2 ||     4
   Stab: Confused          |     1 |     3 ||     4
         Sleeping          |       |     1 ||     1
 Armour: Robe              |     8 |       ||     8
         Leather armour    |     7 |     9 ||    16
  Dodge: Dodged            |    16 |     6 ||    22

Table legend: (Time is in decaauts)
 A = Elapsed time spent in this place.
 B = Non-inter-level travel time spent in this place.
 C = Inter-level travel time spent in this place.
 D = Time resting spent in this place.
 E = Time spent auto-exploring this place.
 F = Levels seen in this place.
 G = Mean time per level.
                   A        B        C        D        E       F      G
               +--------+--------+--------+--------+--------+-----+--------+
         Total |   2781 |   2750 |     31 |      0 |   2353 |   3 |  927.0 |
       Dungeon |   2781 |   2750 |     31 |      0 |   2353 |   3 |  927.0 |
               +--------+--------+--------+--------+--------+-----+--------+

Top non-repeatable levels by time:
     D:1: 1241 daAuts
     D:2: 811 daAuts
     D:3: 728 daAuts
